 Dungeon Crawl Stone Soup version 0.26-a0-958-gf3041fb45f (webtiles) character file.

Game seed: 1514631130711453966

284 Trueduck the Grave Robber (level 6, 0/32 HPs)
             Began as a Deep Elf Necromancer on Dec 1, 2020.
             Was an Initiate of Vehumet.
             Slain by an ogre
             ... wielding a +0 giant spiked club
              (32 damage)
             ... on level 4 of the Dungeon.
             The game lasted 00:09:39 (4562 turns).

Trueduck the Grave Robber (Deep Elf Necromancer)    Turns: 4562, Time: 00:09:40

Health: 0/32       AC:  3    Str:  7    XL:     6   Next: 7%
Magic:  16/16      EV: 13    Int: 20    God:    Vehumet [......]
Gold:   157        SH:  5    Dex: 15    Spells: 8/16 levels left

rFire    . . .     SeeInvis .   u - +1 dagger (drain)
rCold    . . .     Faith    .   (no shield)
rNeg     . . .     Spirit   .   a - +0 robe
rPois    .         Reflect  +   q - +0 helmet
rElec    .         Harm     .   (no cloak)
rCorr    .         Rampage  .   (no gloves)
MR       .....                  (no boots)
Stlth    +++.......             f - amulet of reflection
HPRegen  0.10/turn              (no ring)
MPRegen  0.15/turn              (no ring)

@: no status effects
A: no striking features
a: Renounce Religion


You were on level 4 of the Dungeon.
You worshipped Vehumet.
Vehumet was noncommittal.
You visited 1 branch of the dungeon, and saw 4 of its levels.

You collected 157 gold pieces.

Inventory:

Hand Weapons
 u - a +1 dagger of draining (weapon)
 v - a +1 dagger of holy wrath
Missiles
 j - 2 throwing nets
 o - 191 stones (quivered)
Armour
 a - a +0 robe (worn)
 q - a +0 helmet (worn)
Jewellery
 f - an amulet of reflection (around neck)
Wands
 r - a wand of enslavement (5)
Scrolls
 b - 2 scrolls of teleportation {unknown}
 c - 3 scrolls of magic mapping {unknown}
 d - 3 scrolls of enchant armour {unknown}
 l - a scroll of random uselessness {unknown}
 m - 2 scrolls of remove curse {unknown}
 n - a scroll of blinking {unknown}
 t - a scroll of immolation {unknown}
Potions
 e - 2 potions of might
 g - 2 potions of attraction
 h - 3 potions of haste
 i - a potion of cancellation {unknown}
 k - a potion of mutation
 p - a potion of berserk rage {unknown}


   Skills:
 - Level 2.4 Dodging
 - Level 5.0 Stealth
 + Level 5.6 Spellcasting
 + Level 6.4 Necromancy


You had 8 spell levels left.
You knew the following spells:

 Your Spells              Type           Power        Failure   Level
a - Pain                  Necr           ####         1%          1
b - Vampiric Draining     Necr           ####......   2%          3
c - Animate Dead          Necr           ####......   8%          4

Your spell library contained the following spells:

 Spells                   Type           Power        Failure   Level
 Animate Skeleton         Necr           ####..       1%          1
 Agony                    Necr           ####....     22%         5


Dungeon Overview and Level Annotations

Branches:
Dungeon (4/15)
 Temple: D:4-7

Altars:
Gozag
Qazlal
Ru
Sif Muna
Trog
Vehumet
Xom

Annotations:
D:2 exclusion: white imp


Message History

HP restored.
You start resting.
Magic restored.
There is a stone staircase leading up here.
There is a stone staircase leading down here.
You climb downwards.
There is a stone staircase leading up here.
Found 27 bolts.
c - 3 scrolls labelled ETHET UFUI (gained 1)
You see here 27 bolts.
You see here 27 bolts.
You now have 147 gold pieces (gained 12).
You now have 157 gold pieces (gained 10).
Found an opulent altar of Gozag.
An ogre comes into view. It is wielding a +0 giant spiked club.
The ogre shouts!
Found a long smoking staff.
The ogre hits you with a +0 giant spiked club!!
Ouch! That really hurt!
You die...

#######.####
##..........######
#.........#......###
#.........######....
#..........## ###.#
##...........# #..#
#............# #..#
####....O........#
####
#......@.........#
.....#.............#
..## #..........####
. #..)####..##
#.....###.###
##....#§...○#
#.)..#.....#..
##.)†...._....$
#.....#)....#.


You could see an ogre.

Vanquished Creatures
  2 orc priests (D:3)
  An orc wizard (D:3)
  Ijyb (D:3)
  Jessica (D:3)
  Robin (D:3)
  3 adders
  An adder skeleton (D:4)
  2 dart slugs
  3 leopard geckos
  9 orcs
  10 bats
  2 giant cockroaches
  12 hobgoblins
  4 jackals (D:1)
  5 kobolds
  3 frilled lizards
  19 goblins
  10 rats
89 creatures vanquished.

Notes
Turn   | Place    | Note
-------+----------+-------------------------------------------
     0 | D:1      | Trueduck the Deep Elf Necromancer began the quest for the
                  | Orb.
     0 | D:1      | Reached XP level 1. HP: 10/10 MP: 6/6
   114 | D:1      | Reached skill level 5 in Necromancy
   116 | D:1      | Reached XP level 2. HP: 8/15 MP: 0/8
   667 | D:1      | You fall into a shaft and drop 1 floor!
   706 | D:2      | Reached XP level 3. HP: 14/19 MP: 7/10
  2038 | D:2      | Found a shimmering altar of Xom.
  2042 | D:2      | Found a sacrificial altar of Ru.
  2152 | D:3      | Reached XP level 4. HP: 20/24 MP: 8/12
  2484 | D:3      | Noticed Ijyb
  2501 | D:3      | Killed Ijyb
  2905 | D:3      | Noticed Jessica
  2914 | D:3      | Killed Jessica
  2976 | D:3      | Reached XP level 5. HP: 26/28 MP: 11/14
  3051 | D:3      | Learned a level 3 spell: Vampiric Draining
  3056 | D:3      | Learned a level 4 spell: Animate Dead
  3081 | D:3      | Found a bloodstained altar of Trog.
  3081 | D:3      | Noticed Robin
  3103 | D:3      | Killed Robin
  3104 | D:3      | Reached skill level 6 in Necromancy
  3393 | D:3      | Reached skill level 5 in Spellcasting
  3456 | D:3      | Found a radiant altar of Vehumet.
  3475 | D:3      | Became a worshipper of Vehumet
  3775 | D:3      | Reached skill level 5 in Stealth
  3775 | D:3      | Reached XP level 6. HP: 12/32 MP: 2/16
  4119 | D:3      | Found a shimmering blue altar of Sif Muna.
  4215 | D:4      | Found a stormy altar of Qazlal.
  4307 | D:4      | Found a bloodstained altar of Trog.
  4536 | D:4      | Found an opulent altar of Gozag.
  4562 | D:4      | Slain by an ogre

Illustrated notes

Levels and vault maps discovered:
D:1:      ncdulo_lavacross, layout_loops_corners, minmay_3d_cube
D:2:      layout_rooms, minitemple
D:3:      cheibrodos_pilgrimage, layout_basic, overflow_temple_1_default,
          lemuel_blue_sif_altar, trog_hazing_becter, uniq_jessica, uniq_ijyb,
          uniq_robin
D:4:      layout_cave_pods, lemuel_doored_altar, grunt_qazlal_clouds,
          trog_eyes_of_draining, serial_shops, kennysheep_mini,
          minmay_liquid_box, nicolae_gozag_cash_rules_everything_around_me,
          uniq_crazy_yiuf_cottage

Skill      XL: |  1  2  3  4  5 |
---------------+----------------+-----
Necromancy     | 5 6 |  6.4
Stealth        | 3 4 5 |  5.0
Spellcasting   | 4 5 |  5.6
Dodging        | |  2.4

Action                   |  1- 3 |  4- 6 || total
-------------------------+-------+-------++-------
Melee: Dagger            |       |     8 ||     8
Throw: Stone             |       |     2 ||     2
 Cast: Pain              |    66 |    97 ||   163
       Vampiric Draining |       |     2 ||     2
  Use: Scroll            |       |     4 ||     4
Armor: Robe              |       |     5 ||     5
Dodge: Dodged            |     1 |    22 ||    23
Block: Other             |     2 |    11 ||    13
       Reflection        |     2 |     5 ||     7

Table legend: (Time is in decaauts)
 A = Elapsed time spent in this place.
 B = Non-inter-level travel time spent in this place.
 C = Inter-level travel time spent in this place.
 D = Time resting spent in this place.
 E = Time spent auto-exploring this place.
 F = Levels seen in this place.
 G = Mean time per level.
                   A        B        C        D        E       F      G
               +--------+--------+--------+--------+--------+-----+--------+
         Total |   4564 |   4467 |     97 |    854 |   2839 |   4 | 1141.0 |
       Dungeon |   4564 |   4467 |     97 |    854 |   2839 |   4 | 1141.0 |
               +--------+--------+--------+--------+--------+-----+--------+

Top non-repeatable levels by time:
     D:3: 2204 daAuts
     D:1: 1499 daAuts
     D:2: 598 daAuts
     D:4: 262 daAuts
